 Dungeon Crawl Stone Soup version 0.31-a0-496-g6f97920a28 (webtiles) character file.

Game seed: 17361989262091857995

53 Crownlay the Digger (level 3, 0/21 HPs)
             Began as an Octopode Earth Elementalist on Aug 8, 2023.
             Slain by Natasha (6 damage)
             ... on level 3 of the Dungeon.
             The game lasted 00:04:14 (2118 turns).

Crownlay the Digger (Octopode Earth Elementalist)   Turns: 2118, Time: 00:04:15

Health: 0/21       AC:  1    Str:  7    XL:     3   Next: 89%
Magic:  2/6        EV: 13    Int: 19    God:
Gold:   97         SH:  0    Dex: 12    Spells: 6/7 levels left

rFire   . . .        (no weapon)
rCold   . . .        (no shield)
rNeg    . . .        (helmet restricted)
rPois   .            (no amulet)
rElec   .            (no ring)
rCorr   .            (no ring)
SInv    .            (no ring)
Will    .....        (no ring)
Stlth   +++          (no ring)
HPRegen 0.23/turn    (no ring)
MPRegen 0.10/turn    (no ring)
                     (no ring)

%: no passive effects
@: slowed, very slow
A: almost no armour, amphibious, 8 rings, camouflage 1, gelatinous body 1,
(nimble swimmer 1), tentacles
a: no special abilities


You were on level 3 of the Dungeon.
You visited 1 branch of the dungeon, and saw 3 of its levels.

You collected 97 gold pieces.

Inventory:

Scrolls
 b - 2 scrolls of identify {unknown}
 c - 2 scrolls of teleportation {unknown}
 d - a scroll of vulnerability {unknown}
 e - a scroll of torment {unknown}
 i - a scroll of amnesia {unknown}
Potions
 a - a potion of magic
 f - a potion of curing {unknown}
 g - a potion of brilliance {unknown}
 h - a potion of enlightenment {unknown}


   Skills:
 - Level 2.0 Dodging
 - Level 2.6 Stealth
 + Level 2.5 Spellcasting
 - Level 1.0 Transmutations
 * Level 2.2 Ice Magic
 + Level 3.4 Earth Magic


You had 6 spell levels left.
You knew the following spells:

 Your Spells              Type           Power      Damage    Failure   Level
a - Sandblast             Erth           30%        2d9       3%          1

Your spell library contained the following spells:

 Spells                   Type           Power      Damage    Failure   Level
 Freeze                   Ice            40%        1d6       6%          1
 Passwall                 Tmut/Erth      8%         N/A       10%         2
 Magic Dart               Conj           8%         1d3       16%         1
 Frozen Ramparts          Ice            20%        1d4       19%         3
 Call Imp                 Summ           4%         N/A       24%         2
 Stone Arrow              Conj/Erth      18%        3d8       24%         3
 Hailstorm                Conj/Ice       6%         3d4       30%         3
 Mephitic Cloud           Conj/Pois/Air  2%         N/A       43%         3
 Vhi's Electric Charge    Tloc/Air       4%         N/A       43%         3
 Petrify                  Tmut/Erth      10%        N/A       54%         4
 Arcjolt                  Conj/Air       1%         1d11      99%         5
 Fireball                 Conj/Fire      1%         3d3       99%         5
 Iskenderun's Battlesphe  Conj           2%         2d6       99%         5
 Conjure Ball Lightning   Conj/Air       1%         3x3d6     100%        6
 Plasma Beam              Fire/Air       1%         2x1d11    100%        6
 Malign Gateway           Summ/Tloc      1%         N/A       100%        7
 Orb of Destruction       Conj           1%         9d5       100%        7
 Summon Horrible Things   Summ           1%         N/A       100%        8


Dungeon Overview and Level Annotations

Branches:
Dungeon (3/15)

Altars:

Annotations:
D:3 Natasha


Innate Abilities, Weirdness & Mutations

You cannot wear most types of armour.
You are amphibious.
You can wear up to eight rings at the same time.
Your skin changes colour to match your surroundings (Stealth+).
Your rubbery body absorbs attacks. (AC +1, EV +1)
((You are camouflaged when in or above water. (Stealth+)))
You have tentacles for arms and can constrict up to eight enemies at once.


Message History

Unknown command.
You start resting.
Magic restored.
Found a stone staircase leading up.
Natasha hisses angrily.
Natasha casts a spell at you.
You feel yourself slow down.
There is a stone staircase leading up here.
Casting: Sandblast (safe; 3% risk of failure)
Confirm with . or Enter, or press ? or * to list all spells.
Aiming: Sandblast (safe; 3% risk of failure)
Press: ? - help, Shift-Dir - straight line, f - Natasha
Aim: Natasha (77% to hit)
The blast of sand misses Natasha.
Casting: Sandblast (safe; 3% risk of failure)
Confirm with . or Enter, or press ? or * to list all spells.
Aiming: Sandblast (safe; 3% risk of failure)
Press: ? - help, Shift-Dir - straight line, f/p - Natasha
Aim: Natasha (77% to hit)
The blast of sand misses Natasha.
Natasha claws you! Natasha closely misses you.
Casting: Sandblast (safe; 3% risk of failure)
Confirm with . or Enter, or press ? or * to list all spells.
Aiming: Sandblast (safe; 3% risk of failure)
Press: ? - help, Shift-Dir - straight line, f/p - Natasha
Aim: Natasha (77% to hit)
The blast of sand hits Natasha.
Natasha is moderately wounded.
Natasha barely misses you. Natasha closely misses you.
Casting: Sandblast (safe; 3% risk of failure)
Confirm with . or Enter, or press ? or * to list all spells.
Aiming: Sandblast (safe; 3% risk of failure)
Press: ? - help, Shift-Dir - straight line, f/p - Natasha
Aim: Natasha (moderately wounded, 77% to hit)
The blast of sand hits Natasha but does no damage.
Natasha is moderately wounded.
Natasha barely misses you. Natasha claws you!
* * * LOW HITPOINT WARNING * * *
Natasha claws you.
You die...

#...>## #...... #
#.....# .. #..$..
##.###....##
........†.## #
#.#........#
...##.#.#....#......
........#..h@# #####
..........####
...<....#.#
..###.....# #......
##.>##.. #..# #..
#... ### #.#.


You could see Natasha.

Vanquished Creatures
  Natasha (D:3)
  An adder (D:2)
  2 endoplasms
  A giant cockroach (D:1)
  4 goblins
  2 jackals (D:1)
  A quokka (D:1)
  4 bats
  2 frilled lizards
  2 rats
20 creatures vanquished.

Notes
Turn   | Place    | Note
-------+----------+-------------------------------------------
     0 | D:1      | Crownlay the Octopode Earth Elementalist began the quest
                  | for the Orb.
     0 | D:1      | Reached XP level 1. HP: 11/11 MP: 3/3
   593 | D:1      | Reached XP level 2. HP: 17/17 MP: 1/5
   643 | D:1      | Reached skill level 1 in Ice Magic
  1775 | D:2      | Reached XP level 3. HP: 21/21 MP: 2/6
  2053 | D:3      | Noticed Natasha
  2060 | D:3      | Killed Natasha
  2082 | D:3      | Noticed Natasha
  2118 | D:3      | Slain by Natasha

Illustrated notes

Levels and vault maps discovered:
D:1:      tarquinn_simple_flora_water_a, layout_basic, due_unseen_surprise
D:2:      minmay_door_path, layout_basic
D:3:      layout_rooms, uniq_natasha

Skill      XL: |  1  2  3 |
---------------+----------+-----
Ice Magic      | 1 2 |  2.2
Dodging        | |  2.0
Stealth        | |  2.6
Spellcasting   | |  2.5
Transmutations | |  1.0
Earth Magic    | |  3.4

Action                     || total
---------------------------++-------
   Cast: Sandblast         ||    38
  Dodge: Dodged            ||    16

Table legend: (Time is in decaauts)
 A = Elapsed time spent in this place.
 B = Non-inter-level travel time spent in this place.
 C = Inter-level travel time spent in this place.
 D = Time resting spent in this place.
 E = Time spent auto-exploring this place.
 F = Levels seen in this place.
 G = Mean time per level.
                   A        B        C        D        E       F      G
               +--------+--------+--------+--------+--------+-----+--------+
         Total |   2138 |   2090 |     48 |    100 |   1663 |   3 |  712.7 |
       Dungeon |   2138 |   2090 |     48 |    100 |   1663 |   3 |  712.7 |
               +--------+--------+--------+--------+--------+-----+--------+

Top non-repeatable levels by time:
     D:2: 1112 daAuts
     D:1: 954 daAuts
     D:3: 71 daAuts
